 Dungeon Crawl Stone Soup version 0.28-a0-1182-g381e24db82 (webtiles) character file.

Game seed: 15611260329994028963

35 RepHenryClay the Magician (level 3, 0/25 HPs)
             Began as a Djinni Ice Elementalist on Dec 16, 2021.
             Frozen to death by an endoplasm (7 damage)
             ... on level 2 of the Dungeon.
             The game lasted 00:01:51 (1506 turns).

RepHenryClay the Magician (Djinni Ice Elementalist) Turns: 1506, Time: 00:01:52

Health: 0/25       AC:  2    Str:  7    XL:     3   Next: 52%
Gold:   3          EV: 12    Int: 18    God:
                   SH:  0    Dex: 13

rFire   + + .      SeeInvis .   e - +1 dagger (holy)
rCold   x . .      Faith    .   (no shield)
rNeg    . . .      Spirit   .   a - +0 robe
rPois   ∞          Reflect  .   (no helmet)
rElec   .          Harm     .   (no cloak)
rCorr   .          Rampage  .   (no gloves)
Will    .....                   (boots unavailable)
Stlth   ++........              (no amulet)
HPRegen 0.08/turn               (no ring)
MPRegen 0.00/turn               (no ring)

@: flying
A: sickness immunity, fire resistance 2, cold vulnerability 1, float, innate
caster, hp casting, extra vitality 1
a: no special abilities


You were on level 2 of the Dungeon.
You visited 1 branch of the dungeon, and saw 2 of its levels.

You collected 3 gold pieces.

Inventory:

Hand Weapons
 e - a +1 dagger of holy wrath (weapon)
Armour
 a - a +0 robe (worn)
Scrolls
 d - a scroll of magic mapping {unknown}
 f - a scroll of identify {unknown}
Potions
 b - a potion of attraction {unknown}
 c - a potion of haste {unknown}


   Skills:
 - Level 2.6 Dodging
 - Level 2.0 Stealth
 + Level 3.8 Spellcasting


You couldn't memorise any spells.
You knew the following spells:

 Your Spells              Type           Power      Damage    Failure   Level
a - Freeze                Ice            68%        1d8       3%          1
b - Frozen Ramparts       Ice            34%        1d5       10%         3
c - Ozocubu's Armour      Ice            17%        N/A       10%         3
d - Hailstorm             Conj/Ice       17%        3d6       30%         4
e - Animate Skeleton      Necr           34%        N/A       3%          1
Your spell library was empty.

Dungeon Overview and Level Annotations

Branches:
Dungeon (2/15)

Altars:


Innate Abilities, Weirdness & Mutations

You are immune to sickness and miasma.
You are immune to poison.
Your flesh is very heat resistant. (rF++)
You are vulnerable to cold. (rC-)
You float through the air rather than walking.
You learn spells naturally, not from books.
Your magical power is your life essence.
You have superior vitality. (+4 HP)


Message History

Confirm with . or Enter, or press ? or * to list all spells.
Aiming: Freeze (safe; 3% risk of failure)
Press: ? - help, Shift-Dir - straight line, f/p - worm
Aim: a worm (lightly wounded)
You freeze the worm!
The worm is heavily wounded.
Damage: -4%(-1hp) hp: 44%(11hp)
Casting: Freeze (safe; 3% risk of failure)
Confirm with . or Enter, or press ? or * to list all spells.
Aiming: Freeze (safe; 3% risk of failure)
Press: ? - help, Shift-Dir - straight line, f/p - worm
Aim: a worm (heavily wounded)
You freeze the worm.
The worm is severely wounded.
* * * LOW HITPOINT WARNING * * *
The worm bites you.
* * * LOW HITPOINT WARNING * * *
Huge Dmg: -12%(-3hp) hp: 32%(8hp)
Casting: Freeze (safe; 3% risk of failure)
Confirm with . or Enter, or press ? or * to list all spells.
Aiming: Freeze (safe; 3% risk of failure)
Press: ? - help, Shift-Dir - straight line, f/p - worm
Aim: a worm (severely wounded)
You freeze the worm!
You kill the worm!
* * * LOW HITPOINT WARNING * * *
Damage: -4%(-1hp) hp: 28%(7hp) Unknown command.
The endoplasm freezes you.
You are frozen.
* * * LOW HITPOINT WARNING * * *
Damage: -4%(-1hp) hp: 24%(6hp)
Press: ? - help, v - describe, . - travel
Here: an endoplasm The floor.
Unknown command.
Unknown command.
The endoplasm freezes you.
You are frozen!
You feel a terrible chill!
You die...

..........# #..........#
.).######## #..........#
##...>###### #..........#
#####......########..##.######
. ######.....##...###.# .#
#####.#..####..# .#
#...###.)[## .# #####..###.###
.. .......@...##
####...J....## ###.#K....###
#.##......## #.##.#.....#
###..##.#####.# ....# #.# ###
.....##.# ####### #....#
......#


You could see an endoplasm and a kobold.

Vanquished Creatures
  A worm (D:2)
  3 bats
  An endoplasm (D:1)
  2 giant cockroaches
  4 goblins (D:1)
  5 hobgoblins (D:1)
  A quokka (D:1)
  6 ball pythons
  A frilled lizard (D:1)
  2 kobolds
  3 rats
29 creatures vanquished.

Notes
Turn   | Place    | Note
-------+----------+-------------------------------------------
     0 | D:1      | RepHenryClay the Djinni Ice Elementalist began the quest
                  | for the Orb.
     0 | D:1      | Reached XP level 1. HP: 15/15 MP: 0/0
   110 | D:1      | Reached XP level 2. HP: 4/21 MP: 0/0
   140 | D:1      | HP: 1/21 [hobgoblin (4)]
  1033 | D:1      | Reached XP level 3. HP: 25/25 MP: 0/0
  1033 | D:1      | Learned a level 1 spell: Animate Skeleton
  1050 | D:1      | Found a faded altar of an unknown god.
  1506 | D:2      | Frozen to death by an endoplasm

Illustrated notes

Levels and vault maps discovered:
D:1:      dpeg_arrival_snail, layout_basic, shapermc_ecumenical_altar_petra,
          minmay_misc_feat_hallway
D:2:      layout_rooms, minmay_cut_off

Skill      XL: |  1  2 |
---------------+-------+-----
Stealth        | 2 |  2.0
Dodging        | |  2.6
Spellcasting   | |  3.8

Action                   || total
-------------------------++-------
Melee: Unarmed           ||     9
       Dagger            ||    22
 Cast: Freeze            ||    34
 Stab: Sleeping          ||     2
Armor: Robe              ||    10
Dodge: Dodged            ||    36

Table legend: (Time is in decaauts)
 A = Elapsed time spent in this place.
 B = Non-inter-level travel time spent in this place.
 C = Inter-level travel time spent in this place.
 D = Time resting spent in this place.
 E = Time spent auto-exploring this place.
 F = Levels seen in this place.
 G = Mean time per level.
                   A        B        C        D        E       F      G
               +--------+--------+--------+--------+--------+-----+--------+
         Total |   1505 |   1490 |     15 |    281 |    986 |   2 |  752.5 |
       Dungeon |   1505 |   1490 |     15 |    281 |    986 |   2 |  752.5 |
               +--------+--------+--------+--------+--------+-----+--------+

Top non-repeatable levels by time:
     D:1: 1375 daAuts
     D:2: 129 daAuts
